 Dungeon Crawl Stone Soup version 0.29.1-15-g9cfb28693d (webtiles) character file.

Game seed: 9841072264554352577

173 bnorton916 the Magician (level 5, -2/28 HPs)
             Began as a Deep Elf Fire Elementalist on Feb 22, 2023.
             Killed from afar by an orc wizard (6 damage)
             ... with a magic dart
             ... on level 3 of the Dungeon.
             The game lasted 00:04:18 (4257 turns).

bnorton916 the Magician (DEFE)                      Turns: 4257, Time: 00:04:18

Health: -2/28      AC:  3    Str:  5    XL:     5   Next: 28%
Magic:  4/13       EV: 12    Int: 22    God:
Gold:   138        SH:  5    Dex: 15    Spells: 1/13 levels left

rFire   + . .      SeeInvis .   (no weapon)
rCold   + . .      Faith    .   (no shield)
rNeg    . . .      Spirit   .   a - +0 robe
rPois   .          Reflect  +   (no helmet)
rElec   .          Harm     .   r - +0 cloak
rCorr   .          Rampage  .   (no gloves)
Will    .....                   (no boots)
Stlth   ++........              l - amulet of reflection
HPRegen 0.09/turn               e - ring of protection from cold
MPRegen 0.13/turn               h - ring of protection from fire

@: no status effects
A: no striking features
a: no special abilities


You were on level 3 of the Dungeon.
You visited 1 branch of the dungeon, and saw 4 of its levels.

You collected 138 gold pieces.

Inventory:

Hand Weapons
 w - the +2 trident of Untruth {spect, Contam Dex+2 SInv}
   (You found it on level 3 of the Dungeon)

   When its wielder attacks, the weapon's spirit leaps out and strikes again.
   The spirit shares a part of any damage it takes with its wielder.
   Dex:       It affects your dexterity (+2).
   SInv:      It lets you see invisible.
   Contam:    It causes magical contamination when unequipped.
Missiles
 i - 5 javelins
 v - 4 boomerangs
Armour
 a - a +0 robe (worn)
 r - a +0 cloak (worn)
Magical Staves
 f - a staff of cold
Jewellery
 e - a ring of protection from cold (left hand)
 h - a ring of protection from fire (right hand)
 l - an amulet of reflection (around neck)
Wands
 m - a wand of polymorph (10)
Scrolls
 c - 4 scrolls of identify {unknown}
 d - 3 scrolls of brand weapon {unknown}
 g - 2 scrolls of teleportation {unknown}
 q - a scroll of amnesia {unknown}
 t - a scroll of enchant weapon {unknown}
Potions
 b - a potion of magic
 j - a potion of cancellation {unknown}
 k - 2 potions of lignification {unknown}
 n - 2 potions of berserk rage {unknown}
 o - a potion of mutation {unknown}
 s - a potion of brilliance {unknown}
 u - a potion of invisibility {unknown}


   Skills:
 - Level 2.4 Dodging
 - Level 2.4 Stealth
 + Level 4.5 Spellcasting
 + Level 2.8 Conjurations
 + Level 4.3 Fire Magic
 + Level 1.2 Ice Magic
 + Level 1.2 Air Magic
 + Level 1.3 Poison Magic


You had one spell level left.
You knew the following spells:

 Your Spells              Type           Power      Damage    Failure   Level
a - Foxfire               Conj/Fire      80%        2x1d8     2%          1
b - Scorch                Fire           48%        2d7       2%          2
c - Conjure Flame         Conj/Fire      20%        6-21      8%          3
d - Mephitic Cloud        Conj/Pois/Air  12%        N/A       16%         3
e - Ignite Poison         Fire/Tmut/Pois 13%        N/A       14%         3

Your spell library contained the following spells:

 Spells                   Type           Power      Damage    Failure   Level
 Ensorcelled Hibernation  Hex/Ice        14%        N/A       12%         2
 Inner Flame              Hex/Fire       14%        N/A       13%         3
 Passwall                 Tmut/Erth      3%         N/A       16%         2
 Swiftness                Air            10%        N/A       19%         3
 Flame Wave               Conj/Fire      20%        2d7       24%         4
 Corpse Rot               Necr/Pois/Air  8%         N/A       58%         4
 Dispel Undead            Necr           4%         3d7       71%         4
 Freezing Cloud           Conj/Ice/Air   6%         6-21      80%         5
 Death Channel            Necr           2%         N/A       100%        6


Dungeon Overview and Level Annotations

Branches:
Dungeon (4/15)
 Temple: D:4-7

Altars:
Cheibriados
Makhleb
Wu Jian
Xom

Shops:
D:3 *

Annotations:
D:4 Grinder


Message History

The orc closely misses you.
Unknown command.
Casting: Scorch (safe; 2% risk of failure)
Confirm with . or Enter, or press ? or * to list all spells.
Flames lash something.
Something hits you. The orc misses you. Something hits you.
The orc hits you with a +0 club.
* * * LOW HITPOINT WARNING * * *
Unknown command.
Casting: Scorch (safe; 2% risk of failure)
Confirm with . or Enter, or press ? or * to list all spells.
Flames lash something.
Reactivating autopickup.
You feel a bit more experienced.
The orc wizard is no longer more vulnerable to fire.
The orc hits you with a +0 club.
* * * LOW HITPOINT WARNING * * *
The orc barely misses you.
Casting: Scorch (safe; 2% risk of failure)
Confirm with . or Enter, or press ? or * to list all spells.
Flames lash the orc.
The orc is moderately wounded.
The orc's fire resistance burns away.
You block the orc's attack.
The orc wizard mumbles some strange words.
The orc wizard flickers and vanishes!
Deactivating autopickup; reactivate with Ctrl-A.
The orc completely misses you.
Casting: Scorch (safe; 2% risk of failure)
Confirm with . or Enter, or press ? or * to list all spells.
Flames lash the orc.
The orc is burned terribly!
You kill the orc!
Something hits you but does no damage.
Unknown command.
Casting: Scorch (safe; 2% risk of failure)
Confirm with . or Enter, or press ? or * to list all spells.
You can't see any susceptible monsters within range! (Use Z to cast anyway.)
Things that are here:
a +0 dagger; a +0 robe A magic dart appears from out of thin air!
The magic dart hits you.
You die...

.#####)..####.#...........####
...##.........#......######
........########.....#
...#.###########.....#
.....##..............##
........############..##
....##### ####..######
....##############..........#
....##.......){)@...........#
.......###########.....[....#
....#### ############ ....#
....# ....# ....# ....# #####


There were no monsters in sight!

Vanquished Creatures
  Crazy Yiuf (D:2)
  An orc wizard (D:3)
  5 adders
  4 worms
  A dart slug (D:2)
  5 orcs
  3 bats (D:2)
  4 endoplasms
  3 hobgoblins
  3 quokkas
  10 ball pythons
  3 frilled lizards
  6 goblins
  3 kobolds
  5 rats
57 creatures vanquished.

Vanquished Creatures (others)
  216 foxfires
216 creatures vanquished.

Grand Total: 273 creatures vanquished

Notes
Turn   | Place    | Note
-------+----------+-------------------------------------------
     0 | D:1      | bnorton916 the Deep Elf Fire Elementalist began the quest
                  | for the Orb.
     0 | D:1      | Reached XP level 1. HP: 10/10 MP: 6/6
   223 | D:1      | Found a faded altar of an unknown god.
   465 | D:1      | Reached XP level 2. HP: 15/15 MP: 6/8
   796 | D:1      | Learned a level 2 spell: Scorch
  1099 | D:2      | Found a snail-covered altar of Cheibriados.
  1431 | D:2      | Reached XP level 3. HP: 19/19 MP: 3/10
  1435 | D:2      | Learned a level 3 spell: Conjure Flame
  1864 | D:2      | Learned a level 3 spell: Mephitic Cloud
  2110 | D:2      | Found a runed translucent door.
  2111 | D:2      | Noticed Crazy Yiuf
  2469 | D:2      | Killed Crazy Yiuf
  2470 | D:2      | Reached XP level 4. HP: 24/24 MP: 3/12
  3057 | D:3      | Reached skill level 1 in Ice Magic
  3057 | D:3      | Reached skill level 1 in Poison Magic
  3311 | D:3      | Reached skill level 1 in Air Magic
  3316 | D:3      | Identified the +2 trident of Untruth {spect, Contam Dex+2
                  | SInv}
  3358 | D:3      | Found a shimmering altar of Xom.
  3523 | D:3      | Reached XP level 5. HP: 28/28 MP: 9/13
  3692 | D:3      | Found Ohuurgh's Assorted Antiques.
  3809 | D:3      | Found a burning altar of Makhleb.
  3810 | D:3      | Found an ornate altar of the Wu Jian Council.
  3812 | D:3      | Found a snail-covered altar of Cheibriados.
  3865 | D:4      | Noticed Grinder
  3872 | D:3      | Learned a level 3 spell: Ignite Poison
  4257 | D:3      | Killed from afar by an orc wizard

Illustrated notes

Levels and vault maps discovered:
D:1:      lemuel_arrival_behind_the_door_small, layout_rooms,
          hellmonk_ecumenical_altar_zigzags
D:2:      layout_loops_ring, basic_altar, ebering_dispersal_statue_hall,
          uniq_crazy_yiuf_cottage
D:3:      layout_rooms, minitemple, serial_shops, nicolae_shop_behind_doors,
          serial_curves, eino_curves_04, eino_curves_01, palyth_stone_intersect
D:4:      layout_rooms, okawaru_metal_pillars_1_2, uniq_grinder

Skill      XL: |  1  2  3  4 |
---------------+-------------+-----
Conjurations   | 2 |  2.8
Spellcasting   | 4 |  4.5
Fire Magic     | 4 |  4.3
Ice Magic      | 1 |  1.2
Poison Magic   | 1 |  1.3
Air Magic      | 1 |  1.2
Dodging        | |  2.4
Stealth        | |  2.4

Action                   |  1- 3 |  4- 6 || total
-------------------------+-------+-------++-------
 Cast: Foxfire           |    75 |    47 ||   122
       Scorch            |    11 |    10 ||    21
       Conjure Flame     |     1 |       ||     1
  Use: Potion            |       |     2 ||     2
Armor: Robe              |       |     2 ||     2
Dodge: Dodged            |    12 |    12 ||    24
Block: Other             |     1 |     2 ||     3
